Map: Cactus Valley LE (Void)

Players

Bails - Winner!

  • Race: Protoss Protoss
  • Spawn Location: 7:00

jheffe

  • Race: Terran Terran
  • Spawn Location: 11:00

Event: WCS Austin 2017

VOD

Have the link to the VOD?

Description

Time

  • Played on: April 28, 2017, 1:38 p.m.
  • Length: 7:42

All games in this series

Show
View Real Time Build Order
Export as new Build Order

Bails Protoss - Winner!

Build Orders: Oracle Opening 

Get SALT Encoding   

  12  0:01  Probe (Chrono Boost)  
  13  0:11  Probe (Chrono Boost)  
  14  0:17  Pylon  
  14  0:22  Probe (Chrono Boost)  
  16  0:35  Probe (Chrono Boost)  
  16  0:38  Gateway  
  16  0:46  Probe (Chrono Boost)  
  16  0:47  Assimilator  
  17  0:54  Assimilator  
  17  0:56  Probe (Chrono Boost)  
  18  1:07  Probe (Chrono Boost)  
  19  1:18  Probe (Chrono Boost)  
  20  1:20  Pylon  
  20  1:25  Cybernetics Core  
  20  1:28  Probe (Chrono Boost)  
  21  1:39  Probe (Chrono Boost)  
  22  1:49  Probe (Chrono Boost)  
  23  2:02  Stargate  
  23  2:04  Mothership Core (Chrono Boost)  
  23  2:06  Adept  
  27  2:17  Warp Gate  
  27  2:31  Nexus  
  27  2:41  Oracle  
  27  2:48  Pylon  
  30  2:54  Probe (Chrono Boost)  
  31  3:03  Adept  
  31  3:08  Probe (Chrono Boost)  
  33  3:20  Probe (Chrono Boost)  
  32  3:32  Probe (Chrono Boost)  
  32  3:44  Probe (Chrono Boost)  
  32  3:46  Oracle  
  37  3:48  Probe (Chrono Boost)  
  38  3:56  Probe (Chrono Boost)  
  38  3:59  Probe (Chrono Boost)  
  37  4:06  Gateway x2  
  37  4:08  Probe (Chrono Boost)  
  37  4:09  Probe (Chrono Boost)  
  39  4:20  Probe (Chrono Boost)  
  39  4:21  Probe (Chrono Boost)  
  39  4:23  Oracle  
  44  4:25  Pylon  
  45  4:31  Probe (Chrono Boost)  
  45  4:33  Probe (Chrono Boost)  
  46  4:42  Probe (Chrono Boost)  
  46  4:45  Probe (Chrono Boost)  
  43  4:53  Probe (Chrono Boost)  
  43  4:54  Oracle  
  43  4:57  Probe (Chrono Boost)  
  45  5:02  Pylon  
  45  5:04  Adept x3  
  45  5:05  Probe (Chrono Boost)  
  52  5:09  Probe (Chrono Boost)  
  53  5:17  Probe (Chrono Boost)  
  52  5:21  Probe (Chrono Boost)  
  52  5:25  Oracle  
  53  5:30  Zealot, Adept x2  
  53  5:33  Probe (Chrono Boost)  
  59  5:40  Gateway  
  59  5:42  Probe (Chrono Boost), Gateway  
  59  5:49  Assimilator  
  57  5:51  Gateway  
  57  5:53  Pylon  
  57  5:54  Assimilator  
  57  6:07  Adept x3  
  61  6:11  Probe (Chrono Boost)  
  61  6:15  Probe (Chrono Boost)  
  61  6:18  Twilight Council  
  62  6:22  Probe (Chrono Boost), Pylon  
  62  6:27  Adept x2  
  62  6:28  Adept  
  68  6:40  Stalker x2  
  72  6:52  Stalker x4  
  80  7:09  Pylon  
  80  7:13  Pylon  
  80  7:15  Adept x3  
  86  7:29  Adept x3  
  87  7:40  Stalker x3  
Show
View Real Time Build Order
Export as new Build Order

jheffe Terran 

Build Orders: Reaper Expand 

Get SALT Encoding   

  12  0:00  SCV  
  13  0:13  SCV  
  14  0:18  Supply Depot  
  14  0:25  SCV  
  15  0:29  Refinery  
  15  0:40  SCV  
  16  0:45  Barracks  
  16  0:52  SCV  
  17  1:04  SCV  
  18  1:17  SCV  
  19  1:35  Reaper  
  19  1:36  Orbital Command  
  20  1:50  Command Center  
  20  2:00  Factory  
  20  2:04  SCV  
  20  2:08  Barracks Reactor  
  21  2:14  Refinery  
  21  2:18  SCV  
  22  2:23  Supply Depot  
  22  2:30  SCV  
  23  2:44  Widow Mine  
  23  2:46  Starport, Marine  
  23  2:50  SCV  
  27  3:02  SCV  
  28  3:07  Orbital Command  
  28  3:12  Marine  
  29  3:14  SCV  
  29  3:22  Marine  
  29  3:26  Cyclone, SCV  
  24  3:38  SCV  
  18  3:41  Marine  
  16  3:52  SCV x2  
  16  4:02  Marine x2  
  18  4:04  SCV  
  19  4:14  SCV  
  20  4:19  SCV  
  21  4:26  SCV  
  21  4:29  Factory Tech Lab  
  22  4:31  SCV  
  22  4:32  Marine x2  
  22  4:38  SCV  
  25  4:51  SCV  
  23  4:55  Siege Tank  
  23  4:59  SCV  
  27  5:02  Marine  
  27  5:06  SCV  
  29  5:08  Marine  
  27  5:19  SCV  
  27  5:21  Marine  
  25  5:32  SCV  
  26  5:36  SCV  
  27  5:44  SCV  
  25  5:50  Marine x2  
  25  5:51  SCV  
  28  6:01  SCV  
  24  6:07  Marine x2, SCV  
  27  6:14  SCV  
  27  6:15  Viking  
  30  6:19  SCV  
  30  6:25  Marine x2  
  31  6:26  SCV  
  34  6:35  SCV  
  34  6:38  Barracks  
  34  6:39  SCV  
  36  6:48  SCV  
  36  6:51  SCV  
  38  6:56  Marine  
  38  6:59  Marine  
  38  7:00  SCV  
  44  7:01  Siege Tank  
  44  7:03  SCV  
  45  7:12  SCV  
  45  7:22  Supply Depot  
  45  7:23  Supply Depot  
Tags
 
Add a new tag
Caveats
  • Supply blocks, unpowered buildings, or Contaminate may cause inaccurate times.
  • Supply counts are checked every 10 seconds.